 Dungeon Crawl Stone Soup version 0.25.1-2-g60ff931df9 (webtiles) character file.

Game seed: 10616744426382219349

74433 DearestLeader the Earth Mage (level 15, -5/72 HPs)
             Began as a Gargoyle Earth Elementalist on Oct 13, 2020.
             Was a High Priest of Vehumet.
             Shot with an arrow by a centaur warrior (18 damage)
             ... on level 13 of the Dungeon on Oct 15, 2020.
             The game lasted 01:29:31 (32027 turns).

DearestLeader the Earth Mage (GrEE)                Turns: 32027, Time: 01:29:32

Health: -5/72      AC: 26    Str: 12    XL:     15   Next: 46%
Magic:  4/30       EV: 17    Int: 22    God:    Vehumet [*****.]
Gold:   1840       SH:  0    Dex: 10    Spells: 9/37 levels left

rFire    . . .     SeeInvis +   m - +2 demon trident (flame)
rCold    . . .     Gourm    .   (no shield)
rNeg     + . .     Faith    .   F - +0 steam dragon scales
rPois    ∞         Spirit   .   x - +2 helmet
rElec    +         Reflect  .   J - +2 cloak {rPois}
rCorr    .         Harm     .   p - +0 pair of gloves
MR       +....                  X - +2 pair of boots
Stlth    ++........             L - amulet of regeneration
HPRegen  0.62/turn              y - +4 ring of evasion
MPRegen  0.22/turn              w - ring of see invisible

@: no status effects
A: big wings, negative energy resistance 1, electricity resistance, unbreathing,
petrification resistance, rot immunity, AC +11
a: Fly, Renounce Religion


You were on level 13 of the Dungeon.
You worshipped Vehumet.
Vehumet was extremely pleased with you.
You were very hungry.

You visited 3 branches of the dungeon, and saw 21 of its levels.
You also visited: Ossuary.

You collected 2135 gold pieces.
You spent 295 gold pieces at shops.

Inventory:

Hand Weapons
 e - a +0 demon whip of chaos
 m - a +2 demon trident of flaming (weapon)
Missiles
 b - 242 stones (quivered)
Armour
 p - a +0 pair of gloves (worn)
 x - a +2 helmet (worn)
 B - a scarf of invisibility
 F - +0 steam dragon scales (worn)
 J - a +2 cloak of poison resistance (worn)
 X - a +2 pair of boots (worn)
Magical Staves
 G - an uncursed staff of cold
 U - an uncursed staff of fire
Jewellery
 i - an uncursed amulet of the acrobat
 w - a ring of see invisible (right hand)
 y - a +4 ring of evasion (left hand)
 L - an amulet of regeneration (around neck)
 Y - an uncursed amulet of magic regeneration {unknown}
 Z - an uncursed amulet of guardian spirit {unknown}
Wands
 c - a wand of acid (24)
 q - a wand of flame (94)
 E - a wand of paralysis (29)
 N - a wand of digging (5)
 P - a wand of enslavement (17)
 S - a wand of iceblast (17)
Scrolls
 a - 4 scrolls of immolation
 k - 9 scrolls of magic mapping
 l - 11 scrolls of remove curse
 n - 2 scrolls of random uselessness {unknown}
 s - 12 scrolls of teleportation
 C - 9 scrolls of enchant weapon
 I - 5 scrolls of blinking
 K - a scroll of vulnerability {unknown}
 O - 4 scrolls of fog
 Q - 2 scrolls of fear {unknown}
 R - a scroll of enchant armour {unknown}
 T - a scroll of torment {unknown}
 W - a scroll of amnesia
Potions
 f - a potion of haste
 g - 3 potions of mutation
 h - 3 potions of brilliance
 j - 2 potions of resistance
 r - 3 potions of heal wounds
 t - 3 potions of stabbing {unknown}
 u - a potion of ambrosia {unknown}
 v - 2 potions of might {unknown}
 A - 11 potions of curing
 H - 3 potions of magic
 M - 2 potions of flight {unknown}
Comestibles
 d - 31 rations
 o - 2 chunks of flesh


   Skills:
 + Level 3.9 Dodging
 - Level 2.1 Stealth
 + Level 11.7 Spellcasting
 * Level 15.8 Conjurations
   Level 3.2 Hexes
 - Level 6.0 Charms
 - Level 0.7 Transmutations
 - Level 3.0 Fire Magic
 + Level 18.2 Earth Magic


You had 9 spell levels left.
You knew the following spells:

 Your Spells              Type           Power        Failure   Level  Hunger
a - Sandblast             Erth           ######       0%          1    None
b - Passwall              Tmut/Erth      ######..     1%          2    None
c - Stone Arrow           Conj/Erth      ######       0%          3    None
d - Lee's Rapid Deconstr  Erth           #######...   1%          5    ####...
e - Petrify               Tmut/Erth      ######..     1%          4    None
f - Iskenderun's Battles  Conj/Chrm      ######..     1%          5    ####...
g - Mephitic Cloud        Conj/Pois/Air  #####...     1%          3    None
h - Fireball              Conj/Fire      ######....   1%          5    ####...

Your spell library contained the following spells:

 Spells                   Type           Power        Failure   Level  Hunger
 Irradiate                Conj/Tmut      #####.....   1%          5    ####...
 Magic Dart               Conj           ####         0%          1    None
 Searing Ray              Conj           ######       0%          2    None
 Corona                   Hex            ####...      1%          1    None
 Shock                    Conj/Air       ####         1%          1    None
 Slow                     Hex            ####....     1%          2    None
 Conjure Flame            Conj/Fire      ######..     1%          3    None
 Dazzling Flash           Conj/Hex       ######       1%          3    None
 Inner Flame              Hex/Fire       ####....     1%          3    None
 Static Discharge         Conj/Air       #####...     1%          3    None
 Fulminant Prism          Conj/Hex       ######....   1%          4    None
 Iskenderun's Mystic Bla  Conj/Tloc      #####...     1%          4    None
 Leda's Liquefaction      Hex/Erth       ######....   1%          4    None
 Lightning Bolt           Conj/Air       #####.....   1%          5    ####...
 Swiftness                Chrm/Air       ####....     2%          2    None
 Ignite Poison            Fire/Tmut/Pois ###.....     2%          3    None
 Sting                    Tmut/Pois      ##..         4%          1    None
 Summon Butterflies       Summ           ##......     4%          1    None
 Confusing Touch          Hex            ####....     4%          3    None
 Blink                    Tloc           N/A          8%          2    None
 Call Imp                 Summ           ##......     8%          2    None
 Portal Projectile        Hex/Tloc       ###...       8%          3    None
 Spider Form              Tmut/Pois      ##........   13%         3    None
 Airstrike                Air            ##........   13%         4    None
 Cause Fear               Hex            ####......   13%         4    None
 Call Canine Familiar     Summ           ##......     16%         3    None
 Gell's Gravitas          Tloc           ##........   16%         3    None
 Yara's Violent Unravell  Hex/Tmut       ###.......   17%         5    ####...
 Summon Ice Beast         Ice/Summ       ##......     45%         4    None
 Metabolic Englaciation   Hex/Ice        ###.......   58%         5    ####...
 Summon Mana Viper        Hex/Summ       ###.....     58%         5    ####...
 Summon Hydra             Summ           ##........   100%        7    #######


Dungeon Overview and Level Annotations

Branches:
Dungeon (13/15)            Temple (0/1) D:6            Lair (6/6) D:11
  Swamp (0/4) Lair:2       Spider (0/4) Lair:2        Slime (0/5) Lair:6
    Orc (2/2) D:12            Elf (0/3) Orc:2       Ossuary (visited)
 Vaults: D:13-14

Altars:
Cheibriados
Dithmenos
Hepliaklqana
Okawaru
Qazlal
Ru
Trog
Uskayaw
Vehumet
Wu Jian
Xom
Zin
Beogh
Jiyva

Shops:
D:8 :[   D:9 [   Orc:2 (}!%

Portals:
Pandemonium: Orc:2

Annotations:
D:4 1 runed translucent door, Crazy Yiuf
Lair:4 2 transporters


Innate Abilities, Weirdness & Mutations

You are resistant to torment.
Your stone body is resilient. (AC +11)
You are immune to poison.
Your large and strong wings let you fly indefinitely.
You resist negative energy. (rN+)
You are resistant to electric shocks. (rElec)
You can survive without breathing.
You are immune to petrification.
You are immune to rotting.


Message History

You destroy the centaur warrior zombie!
Vehumet accepts your kill.
You feel your power returning.
Casting: Sandblast (safe; 0% risk of failure)
Confirm with . or Enter, or press ? or * to list all spells.
Aiming: Sandblast (safe; 0% risk of failure)
Press: ? - help, Shift-Dir - straight line, f - crimson imp
Aim: a crimson imp The blast of sand hits the crimson imp!
The crimson imp is almost dead.
b - 242 stones Your battlesphere fires!
The barrage of energy hits the crimson imp!
You kill the crimson imp!
Vehumet accepts your kill.
You feel your power returning.
Your battlesphere expends the last of its energy and dissipates.
The centaur warrior wields a +0 longbow.
The centaur warrior shoots an arrow.
The arrow hits you!!
You die...

# ########.#
#........#
#...○....#
#.###..@.....#
#............#
#......c...#.#
#.......####
#........
#........
####......
#......
........


You could see a centaur warrior.

Vanquished Creatures
  Nessos (D:12)
  Erolcha (D:13)
  5 hydras
  A queen ant (D:9)
  3 death yaks (Lair:3)
  9 orc high priests (Orc:2)
  An unseen horror (D:12)
  A sixfirhy (Orc:2)
  A torturous demonspawn (Orc:2)
  2 infernal demonspawn (Orc:2)
  Pikel (D:6)
  5 orc knights (Orc:2)
  A necromancer (D:12)
  2 orc sorcerers (Orc:2)
  A deep elf mage (D:12)
  An oklob plant (Lair:2)
  2 cyclopes
  14 elephants
  Maurice (D:8)
  3 black mambas
  23 spiny frogs
  An orange demon (Orc:2)
  A gargoyle (D:11)
  2 rime drakes
  5 komodo dragons
  2 ice devils (Orc:2)
  5 polar bears
  4 tyrant leeches (Lair:6)
  4 trolls
  2 bog bodies (Lair:2)
  5 dream sheep (Lair:5)
  22 blink frogs
  6 hippogriffs
  63 yaks
  Sigmund (D:3)
  A wyvern (Lair:4)
  2 redbacks (Lair:2)
  3 wraiths
  Eustachio (D:4)
  7 basilisks
  2 fire bats (Lair:3)
  14 vampire mosquitoes
  4 wargs
  A chaos spawn (Orc:2)
  2 steam dragons
  Edmund (D:5)
  An acid dragon (D:12)
  6 soldier ants (D:9)
  12 water moccasins
  5 porcupines
  A sky beast (D:5)
  A black bear (D:7)
  2 phantoms
  A hornet zombie (D:12)
  An eye of draining (D:11)
  7 ogres
  2 ice beasts
  A necrophage (D:9)
  31 orc warriors
  3 wolves (Lair:5)
  2 centaurs
  10 crocodiles
  2 big kobolds
  Blork the orc (D:5)
  25 bullfrogs
  A gnoll sergeant (Orc:2)
  5 scorpions
  14 killer bees
  A wight (D:8)
  6 howler monkeys
  3 electric eels
  3 jellies
  5 crimson imps
  5 centaur zombies
  2 bullfrog zombies
  A lava snake (Lair:3)
  10 hounds
  5 human zombies (Ossuary)
  18 orc priests
  5 bullfrog skeletons
  3 centaur skeletons
  Ijyb (D:3)
  Natasha (thrice) (D:4)
  5 iguanas
  16 orc wizards
  32 worker ants
  5 hell rats (Lair:6)
  A killer bee zombie (D:3)
  3 big kobold zombies (Ossuary)
  3 mummies (Ossuary)
  2 hound skeletons
  Robin (D:3)
  8 gnolls
  4 scorpion zombies (Ossuary)
  10 adders
  4 shadow imps
  3 oozes
  3 worms
  A dart slug (D:3)
  4 leopard geckos
  75 orcs
  5 bats (D:1)
  6 giant cockroaches
  12 goblins
  16 hobgoblins
  4 jackals
  3 quokkas
  2 ball pythons
  3 frilled lizards
  2 gnoll zombies (Ossuary)
  2 goblin zombies (Ossuary)
  5 hobgoblin zombies (Ossuary)
  15 kobolds
  A leopard gecko skeleton (D:7)
  A leopard gecko zombie (D:5)
  5 rats
  2 plants
709 creatures vanquished.

Vanquished Creatures (others)
  A jelly (D:6)
  3 jackals (D:6)
  A butterfly (D:6)
  A fire vortex (Lair:3)
  10 fungi
  48 plants
64 creatures vanquished.

Grand Total: 773 creatures vanquished

Notes
Turn   | Place    | Note
-------+----------+-------------------------------------------
     0 | D:1      | DearestLeader the Gargoyle Earth Elementalist began the
                  | quest for the Orb.
     0 | D:1      | Reached XP level 1. HP: 10/10 MP: 3/3
   112 | D:1      | Reached skill level 4 in Earth Magic
   217 | D:1      | Reached XP level 2. HP: 9/15 MP: 5/5
   835 | D:1      | Reached XP level 3. HP: 17/19 MP: 6/6
   873 | D:1      | Reached skill level 5 in Earth Magic
  1635 | D:2      | Learned a level 2 spell: Passwall
  1639 | D:2      | Learned a level 3 spell: Stone Arrow
  1702 | D:2      | Reached XP level 4. HP: 19/24 MP: 4/7
  1896 | D:2      | Reached skill level 6 in Earth Magic
  2591 | D:3      | Noticed Robin
  2639 | D:3      | Killed Robin
  2643 | D:3      | Reached XP level 5. HP: 13/28 MP: 0/8
  3011 | D:3      | Noticed Sigmund
  3020 | D:3      | Killed Sigmund
  3020 | D:3      | Reached skill level 8 in Earth Magic
  3020 | D:3      | Reached XP level 6. HP: 8/32 MP: 3/9
  3607 | D:3      | Noticed Ijyb
  3614 | D:3      | Killed Ijyb
  3896 | D:4      | Reached skill level 9 in Earth Magic
  3901 | D:4      | Reached XP level 7. HP: 33/36 MP: 10/10
  4303 | D:4      | Reached skill level 1 in Conjurations
  4714 | D:4      | Noticed Eustachio
  4731 | D:4      | Killed Eustachio
  4731 | D:4      | Reached skill level 10 in Earth Magic
  4739 | D:4      | Learned a level 5 spell: Lee's Rapid Deconstruction
  4775 | D:4      | Noticed Natasha
  4787 | D:4      | Killed Natasha
  4909 | D:4      | Noticed Natasha
  4916 | D:4      | Killed Natasha
  4916 | D:4      | Reached XP level 8. HP: 41/41 MP: 12/12
  4921 | D:4      | Noticed Natasha
  4929 | D:4      | Killed Natasha
  4985 | D:4      | Found a runed translucent door.
  4986 | D:4      | Noticed Crazy Yiuf
  5349 | D:5      | Entered Level 5 of the Dungeon
  5532 | D:5      | Found a bloodstained altar of Trog.
  5606 | D:5      | Reached skill level 11 in Earth Magic
  5767 | D:5      | Found a radiant altar of Vehumet.
  5772 | D:5      | Became a worshipper of Vehumet
  6082 | D:5      | Found a glowing silver altar of Zin.
  6144 | D:5      | Noticed Blork the orc
  6148 | D:5      | Killed Blork the orc
  6340 | D:5      | Noticed Edmund
  6368 | D:5      | Killed Edmund
  7103 | D:6      | Noticed Pikel
  7124 | D:6      | Killed Pikel
  7124 | D:6      | Reached skill level 5 in Spellcasting
  7124 | D:6      | Reached skill level 12 in Earth Magic
  7124 | D:6      | Reached XP level 9. HP: 35/45 MP: 10/16
  7343 | D:6      | Learned a level 4 spell: Petrify
  7369 | D:6      | Found a shimmering altar of Xom.
  7379 | D:6      | Found a staircase to the Ecumenical Temple.
  7555 | D:6      | Found an iron altar of Okawaru.
  7568 | D:6      | Found a hide-covered altar of Uskayaw.
  7569 | D:6      | Found a hazy altar of Hepliaklqana.
  7569 | D:6      | Found an ornate altar of the Wu Jian Council.
  7570 | D:6      | Found a sacrificial altar of Ru.
  7726 | D:6      | Found a snail-covered altar of Cheibriados.
  7993 | D:7      | Reached * piety under Vehumet
  7993 | D:7      | Offered knowledge of Shock by Vehumet.
  7993 | D:7      | Reached skill level 13 in Earth Magic
  8189 | D:7      | Found a sand-covered staircase.
  8215 | Ossuary  | Entered an ossuary
  8920 | Ossuary  | Offered knowledge of Foxfire by Vehumet.
  8934 | Ossuary  | Reached ** piety under Vehumet
  9814 | D:7      | Reached XP level 10. HP: 50/50 MP: 19/19
 10364 | D:8      | Reached skill level 14 in Earth Magic
 10456 | D:8      | Found a shadowy altar of Dithmenos.
 10530 | D:8      | Offered knowledge of Dazzling Flash by Vehumet.
 10571 | D:8      | Learned a level 4 spell: Fulminant Prism
 10773 | D:8      | Identified the Papyrus of Earthen Intoxication
 10811 | D:8      | Reached skill level 1 in Hexes
 10842 | D:8      | Noticed Maurice
 10850 | D:8      | Killed Maurice
 11227 | D:8      | Found a stormy altar of Qazlal.
 11232 | D:8      | Found Winit's Antique Armour Emporium.
 11239 | D:8      | Bought a thick robe for 159 gold pieces
 11249 | D:8      | Identified the +1 robe of Niutec {-Tele rF+ MR+} (You
                  | bought it in a shop on level 8 of the Dungeon)
 11325 | D:8      | Found Nokhob's Book Boutique.
 11685 | D:9      | Reached *** piety under Vehumet
 11907 | D:9      | Reached skill level 5 in Conjurations
 12012 | D:9      | Offered knowledge of Mephitic Cloud by Vehumet.
 12042 | D:9      | Learned a level 3 spell: Mephitic Cloud
 12352 | D:9      | Noticed a queen ant
 12400 | D:9      | Killed a queen ant
 12400 | D:9      | Reached XP level 11. HP: 36/54 MP: 9/21
 12407 | D:9      | Reached **** piety under Vehumet
 12617 | D:9      | Reached skill level 15 in Earth Magic
 12889 | D:9      | Found Ahak's Armour Shoppe.
 13193 | D:9      | Offered knowledge of Iskenderun's Battlesphere by Vehumet.
 13519 | D:10     | Entered Level 10 of the Dungeon
 13755 | D:10     | Learned a level 5 spell: Iskenderun's Battlesphere
 14217 | D:10     | Reached skill level 1 in Charms
 15237 | D:11     | Noticed a five-headed hydra
 15244 | D:11     | Killed a five-headed hydra
 15788 | D:11     | Found a staircase to the Lair.
 16290 | Lair:1   | Entered Level 1 of the Lair of Beasts
 16540 | Lair:1   | Reached ***** piety under Vehumet
 16540 | Lair:1   | Reached XP level 12. HP: 33/59 MP: 10/24
 16854 | Lair:1   | You fall into a shaft and drop 1 floor!
 17082 | Lair:2   | Offered knowledge of Freezing Cloud by Vehumet.
 17128 | Lair:2   | Reached skill level 5 in Charms
 17447 | Lair:2   | Found a staircase to the Swamp.
 17820 | Lair:2   | Noticed a four-headed hydra
 17826 | Lair:2   | Killed a four-headed hydra
 18441 | Lair:2   | Found a hole to the Spider Nest.
 18576 | Lair:2   | Reached skill level 10 in Conjurations
 19168 | Lair:1   | Reached skill level 16 in Earth Magic
 20296 | Lair:3   | Noticed a five-headed hydra
 20305 | Lair:3   | Killed a five-headed hydra
 20305 | Lair:3   | Reached XP level 13. HP: 63/63 MP: 15/26
 21741 | Lair:4   | Found a transporter.
 21863 | Lair:4   | Found a transporter.
 22622 | Lair:5   | Reached skill level 10 in Spellcasting
 23675 | Lair:6   | Entered Level 6 of the Lair of Beasts
 23724 | Lair:6   | Found a shadowy altar of Dithmenos.
 23755 | Lair:6   | Reached skill level 17 in Earth Magic
 23755 | Lair:6   | Offered knowledge of Fireball by Vehumet.
 23934 | Lair:6   | Gained mutation: Your large and strong wings let you fly
                  | indefinitely. [Gargoyle growth]
 23934 | Lair:6   | Reached XP level 14. HP: 42/68 MP: 3/28
 24971 | Lair:6   | Found a viscous altar of Jiyva.
 24972 | Lair:6   | Found a staircase to the Slime Pits.
 25955 | Lair:6   | Learned a level 5 spell: Fireball
 26686 | D:12     | Reached skill level 1 in Fire Magic
 26908 | D:12     | Found a roughly hewn altar of Beogh.
 26908 | D:12     | Found a staircase to the Orcish Mines.
 26928 | D:12     | Offered knowledge of Bolt of Magma by Vehumet.
 27190 | D:12     | Noticed Nessos
 27196 | D:12     | Killed Nessos
 27584 | D:12     | Got an opalescent robe
 27594 | D:12     | Identified the cursed +1 robe of Intercession {Int+4} (You
                  | found it on level 12 of the Dungeon)
 28138 | Orc:1    | Entered Level 1 of the Orcish Mines
 28280 | Orc:2    | Entered Level 2 of the Orcish Mines
 28501 | Orc:1    | Reached skill level 15 in Conjurations
 29040 | Orc:2    | HP: 3/68 [orc knight/bolt (19)]
 29521 | Orc:2    | Found Huetwacw's Distillery.
 29526 | Orc:2    | Found Waojaj's Food Emporium.
 29544 | Orc:2    | Offered knowledge of Irradiate by Vehumet.
 29555 | Orc:2    | Reached XP level 15. HP: 48/72 MP: 0/30
 29735 | Orc:2    | Bought a potion of magic for 136 gold pieces
 30124 | Orc:2    | Found a staircase to the Elven Halls.
 30334 | Orc:2    | Reached skill level 18 in Earth Magic
 30745 | Orc:2    | Paralysed by an orc sorcerer for 2 turns
 31460 | Orc:2    | Found Tefri's Gadget Boutique.
 31460 | Orc:2    | Found a one-way gate leading to the halls of Pandemonium.
 31460 | Orc:2    | Found Vohob's Antique Weapon Shop.
 31670 | Orc:1    | Found a roughly hewn altar of Beogh.
 31974 | D:13     | Noticed Erolcha
 31991 | D:13     | Killed Erolcha
 32011 | D:13     | HP: 2/72 [cyan ugly thing (5)]
 32027 | D:13     | Shot with an arrow by a centaur warrior

Illustrated notes

Levels and vault maps discovered:
D:1:      mrwooster_arrival_statue, layout_loops_ring
D:2:      layout_loops_cross
D:3:      layout_basic, uniq_robin, uniq_sigmund, uniq_ijyb
D:4:      layout_loops_ring, uniq_crazy_yiuf_cottage, uniq_eustachio,
          uniq_natasha
D:5:      layout_basic, zin_statuary, lemuel_crystal_altar, vehumet_crystals,
          first_ration, uniq_edmund, uniq_blork_the_orc
D:6:      layout_basic, xom_butterflies, cheibrodos_worm_habitat,
          chequers_temple_overflow_statue_of_worship, kennysheep_mini,
          minmay_temple_entry_large_hall, chequers_serial_rivers_room_a,
          uniq_pikel
D:7:      layout_basic, lightli_ossuary_entry_decrepit_ruins,
          minmay_misc_feat_x, item_on_display_a
D:8:      minmay_general_purpose_star, layout_basic,
          nicolae_dithmenos_the_darkroom, kennysheep_little_box, serial_shops,
          shop, shop, dk_noncrumbling_3, blue_anna_alchemist
          [blue_anna_fruit_fields, blue_anna_fruit_fields],
          corexii_corridor_pit, uniq_maurice
D:9:      layout_long_grid, serial_shops, nicolae_shop_trees,
          wad_floor_pattern_1, minmay_another_anthill
D:10:     layout_roguey
D:11:     layout_basic, david_lair_shrubbed
D:12:     layout_roguey, david_orc_5, minmay_librarian, uniq_nessos
D:13:     layout_basic, grunt_vaults_entry_tiered, serial_co_window_serial,
          co_window_corner_a, co_window_corner_a, co_window_paths_a,
          co_window_cross_1, co_window_paths_b, co_window_corner_cb,
          co_window_broadway_c, co_window_2corner, co_window_cross_4,
          glass_columns_b, glass_columns_c, kennysheep_windowed_goal,
          uniq_frances, uniq_urug, uniq_erolcha, uniq_josephine
Lair:1:   layout_layer_cave, gauntlet_entry_generic, beast_lair_carwin_11
Lair:2:   layout_loops_ring, skrybe_swamp_entry_bodies, spider_nest_entry_webs,
          serial_bayou_ford_a, eino_small_chamber_without_monster,
          minmay_lair_oklob_chamber, infiniplex_staircase_pool_2,
          grunt_megastairs_2, lemuel_fruit_fields, serial_bayou_shore_b
Lair:3:   layout_gridlike, nicolae_quartered_pool_little
Lair:4:   gammafunk_cloud_chamber, layout_big_grid, kennysheep_basilisk_garden
Lair:5:   layout_cave_pods
Lair:6:   minmay_lair_end_frog_pond, layout_long_grid, slime_altar_1,
          basic_altar, minivault_19, gammafunk_lair_bear_cave
Orc:1:    layout_caves, basic_altar
Orc:2:    pf_orc_diabolical, layout_caves

Skill      XL: |  1  2  3  4  5  6  7  8  9 10 11 12 13 14 15 |
---------------+----------------------------------------------+-----
Earth Magic    | 4 5 6 8 9 10 12 13 14 15 16 17 18 | 18.2
Conjurations   | 1 3 6 8 11 13 15 | 15.8
Spellcasting   | 3 5 6 7 8 9 10 11 | 11.7
Hexes          | 3 |  3.2
Charms         | 4 6 |  6.0
Fire Magic     | 3 |  3.0
Dodging        | 2 3 |  3.9
Stealth        | |  2.1
Transmutations | |  0.7

Action                   |  1- 3 |  4- 6 |  7- 9 | 10-12 | 13-15 || total
-------------------------+-------+-------+-------+-------+-------++-------
Melee: Short sword       |    18 |       |       |       |       ||    18
       Unarmed           |     6 |       |       |       |       ||     6
       Whip              |   125 |    57 |   296 |   150 |       ||   628
       Dagger            |       |    69 |   289 |   258 |   322 ||   938
       Demon trident     |       |       |       |       |    41 ||    41
 Cast: Sandblast         |     5 |    36 |    39 |    33 |   256 ||   369
       Stone Arrow       |       |       |    37 |   204 |   226 ||   467
       Lee's Rapid Decon |       |       |       |    40 |    41 ||    81
       Mephitic Cloud    |       |       |       |     8 |    36 ||    44
       Iskenderun's Batt |       |       |       |     4 |    97 ||   101
       Petrify           |       |       |       |       |     6 ||     6
  Use: Scroll            |       |     2 |     7 |    10 |     7 ||    26
       Potion            |       |       |       |       |     5 ||     5
 Stab: Sleeping          |     5 |     3 |     3 |     4 |     1 ||    16
       Confused          |       |       |       |       |     2 ||     2
  Eat: Chunk             |     3 |     7 |    18 |    28 |    52 ||   108
       Ration            |       |       |     1 |     5 |     2 ||     8
Armor: Robe              |    63 |    48 |    98 |       |       ||   209
       Steam dragon scal |       |       |   133 |   232 |   306 ||   671
Dodge: Dodged            |    97 |    78 |   378 |   418 |   625 ||  1596
